 Dungeon Crawl Stone Soup version 0.29.0-11-gd7f09526c8 (webtiles) character file.

Game seed: 12432520509155894432

38 NinjaNoafa the Grave Robber (level 3, -2/26 HPs)
             Began as a Ghoul Necromancer on Sept 6, 2022.
             Slain by Crazy Yiuf
             ... wielding a +2 quarterstaff of chaos
              (19 damage)
             ... on level 2 of the Dungeon.
             The game lasted 00:04:26 (2481 turns).

NinjaNoafa the Grave Robber (Ghoul Necromancer)     Turns: 2481, Time: 00:04:27

Health: -2/26      AC:  2    Str: 10 (11) XL:     3   Next: 43%
Magic:  2/6        EV: 12    Int: 12      God:
Gold:   57         SH:  0    Dex:  9      Spells: 6/7 levels left

rFire   . . .      SeeInvis .   (no weapon)
rCold   + + .      Faith    .   (no shield)
rNeg    + + +      Spirit   .   a - +0 robe
rPois   ∞          Reflect  .   (no helmet)
rElec   .          Harm     .   (no cloak)
rCorr   .          Rampage  .   (no gloves)
Will    .....                   (no boots)
Stlth   ++........              (no amulet)
HPRegen 0.00/turn               c - ring of protection from cold
MPRegen 0.10/turn               g - ring of flight

@: flying, inhibited regen, slowed, very slow
A: claws 1, cold resistance 1, negative energy resistance 3, inhibited
regeneration, torment resistance 2, devour on kill
a: no special abilities


You were on level 2 of the Dungeon.
You visited 1 branch of the dungeon, and saw 2 of its levels.

You collected 57 gold pieces.

Inventory:

Missiles
 d - 22 stones
Armour
 a - a +0 robe (worn)
Jewellery
 c - a ring of protection from cold (left claw)
 g - a ring of flight (right claw)
Scrolls
 b - a scroll of blinking {unknown}
 e - a scroll of immolation {unknown}
 f - a scroll of amnesia {unknown}
 h - 3 scrolls of vulnerability {unknown}
 j - 2 scrolls of magic mapping {unknown}
 k - a scroll of identify {unknown}
 l - a scroll of butterflies {unknown}


   Skills:
 - Level 1.7 Dodging
 - Level 2.1 Stealth
 * Level 2.8 Spellcasting
 + Level 4.3 Necromancy


You had 6 spell levels left.
You knew the following spells:

 Your Spells              Type           Power      Damage    Failure   Level
a - Necrotise             Necr           48%        1d6       4%          1

Your spell library contained the following spells:

 Spells                   Type           Power      Damage    Failure   Level
 Vampiric Draining        Necr           12%        2d6       12%         3
 Blink                    Tloc           2%         N/A       36%         2
 Animate Dead             Necr           12%        N/A       38%         4
 Lesser Beckoning         Tloc           1%         N/A       58%         3
 Agony                    Necr           12%        N/A       75%         5
 Manifold Assault         Tloc           1%         N/A       100%        5


Dungeon Overview and Level Annotations

Branches:
Dungeon (2/15)

Altars:

Shops:
D:2 :

Annotations:
D:2 Crazy Yiuf


Innate Abilities, Weirdness & Mutations

You are immune to poison.
You have sharp fingernails.
Your flesh is cold resistant. (rC+)
You are immune to negative energy. (rN+++)
You do not regenerate when monsters are visible.
You are immune to unholy pain and torment.
You thrive by killing the living.


Message History

You swap places.
Found a stone staircase leading down.
Your kobold skeleton crumbles into dust!
d - 22 stones (gained 4)
You see here a +0 short sword.
There is a stone staircase leading up here.
Found a hammer.
Found a runed translucent door.
There is a stone staircase leading down here.
There is a stone staircase leading up here.
i - a blue potion
j - 2 scrolls labelled HAIWUA XIWOESIPAI An endoplasm comes into view.
An endoplasm is nearby!
You miscast Necrotise.
You are very lightly contaminated with residual magic.
Nothing appears to happen.
You miscast Necrotise.
Nothing appears to happen.
The endoplasm quivers.
The endoplasm writhes in agony.
The endoplasm writhes in agony.
You kill the endoplasm!
Your magical contamination has completely faded away.
There is a shaft here.
There is a stone staircase leading up here.
Crazy Yiuf shouts!
Could not explore, unopened runed door.
You reach down and open the door.
Crazy Yiuf struggles to resist.
Crazy Yiuf barely misses you.
Crazy Yiuf writhes in agony.
Crazy Yiuf closely misses you.
Crazy Yiuf writhes in agony.
Crazy Yiuf hits you with a +2 quarterstaff of chaos.
Crazy Yiuf freezes you.
Crazy Yiuf writhes in agony.
Crazy Yiuf hits you with a +2 quarterstaff of chaos!
You feel yourself slow down.
You are too injured to fight recklessly!
You are too injured to fight recklessly!
It was a potion of curing.
You feel better.
Crazy Yiuf hits you with a +2 quarterstaff of chaos!!
Ouch! That really hurt!
You die...

#.# #..#
#....# #.#
#.## #....#
#.######.###
#....#
#.##.......#
#...##
..##.......#
##.##
.###.......#
#.## .#
#.......#
##.# .#
#########
#.## .# ##@#
.# #g# .#
... .# #...#
.# #..)# ##
#####


You could see Crazy Yiuf.

Vanquished Creatures
  An adder (D:2)
  A dart slug (D:2)
  3 ball pythons
  2 endoplasms (D:2)
  2 giant cockroaches
  2 goblins (D:1)
  2 hobgoblins
  2 jackals (D:2)
  A quokka (D:2)
  A bat (D:1)
  A frilled lizard (D:1)
  3 kobolds (D:2)
  A rat (D:1)
22 creatures vanquished.

Vanquished Creatures (collateral kills)
  A giant cockroach (D:1)
  A rat (D:2)
2 creatures vanquished.

Grand Total: 24 creatures vanquished

Notes
Turn   | Place    | Note
-------+----------+-------------------------------------------
     0 | D:1      | NinjaNoafa the Ghoul Necromancer began the quest for the
                  | Orb.
     0 | D:1      | Reached XP level 1. HP: 14/14 MP: 2/2
    29 | D:1      | Found a faded altar of an unknown god.
  1090 | D:1      | Reached XP level 2. HP: 20/20 MP: 2/4
  1372 | D:2      | Found Muysom's Book Emporium.
  1674 | D:2      | Reached XP level 3. HP: 26/26 MP: 1/5
  2284 | D:2      | Found a runed translucent door.
  2285 | D:2      | Noticed Crazy Yiuf
  2481 | D:2      | Slain by Crazy Yiuf

Illustrated notes

Levels and vault maps discovered:
D:1:      matt_arrival_diagonals, layout_loops_ring, serial_co_window_serial,
          co_window_corner_a, co_window_paths_a, co_window_cross_1,
          co_window_paths_a, co_window_paths_a, co_window_corner_cb,
          co_window_corner_b, co_window_broadway_b, co_window_broadway_a,
          co_window_broadway_b, glass_columns_b, glass_columns_c,
          glass_columns_c, dreamdust_ecumenical_altar_statues,
          chequers_mini_garden
D:2:      layout_rooms, serial_shops, shop, uniq_crazy_yiuf_cottage

Skill      XL: |  1 |
---------------+----+-----
Spellcasting   | 2 |  2.8
Dodging        | |  1.7
Stealth        | |  2.1
Necromancy     | |  4.3

Action                   || total
-------------------------++-------
Melee: Unarmed           ||    48
       Punch             ||     1
 Cast: Necrotise         ||    51
  Use: Potion            ||     7
Armor: Robe              ||    13
Dodge: Dodged            ||    54
